AoeStats
← Thời Miễu

Arabia

508856600Analyzed
1v1 RM · 8d ago on Sep 24, 2026· 36m 57s· 2 players
Game mode
Random Map
Map size
Tiny (2 player)
Population
200
Speed
Normal
Resources
Standard
Victory
Conquest
Starting age
Dark Age
Ending age
Imperial Age
RankedLock teamsTeams togetherTeam positionsShared explorationLock speedFull tech treeHidden civsTurbo modeCheats
Victory
Defeat
🇻🇳 Lithuanians · Vietnam
958
+23
🇩🇪 Magyars · Germany
942
-35
ACIN
8:16 Loom
10:25 Feudal Age
13:33 Horse Collar
14:18 Double-Bit Axe
15:22 Scale Barding Armor
16:09 Bloodlines
20:24 Gold Mining
20:24 Stone Mining
24:23 Castle Age
25:06 Wheelbarrow
24:35 Padded Archer Armor
24:26 Fletching
25:48 Heavy Plow
26:00 Bow Saw
27:28 Gold Shaft Mining
26:21 Light Cavalry
27:03 Husbandry
28:03 Crossbowman
29:44 Pikeman
35:19 Town Watch
Thời Miễu
6:13 Loom
9:02 Feudal Age
7:24 Loom
9:50 Double-Bit Axe
20:23 Castle Age
21:05 Horse Collar
22:15 Bloodlines
22:57 Husbandry
23:05 Scale Barding Armor
23:11 Forging
26:08 Iron Casting
28:38 Chain Barding Armor
29:24 Fervor
29:35 Sanctity
36:07 Gold Mining
36:07 Stone Mining
36:37 Fletching
Connection lost

Rejoining the realm…

Still unreachable

The connection could not be restored.

Session expired

The server has moved on; the page needs a fresh start.